 Dungeon Crawl Stone Soup version 0.20.1-1-g8b1a95d (webtiles) character file.

200 vatarom the Firebug (level 5, -2/38 HPs)
             Began as a Demonspawn Fire Elementalist on Oct 1, 2017.
             Killed by miscasting Sticky Flame (24 damage)
             ... on level 3 of the Dungeon.
             The game lasted 00:09:01 (3050 turns).

vatarom the Firebug (Demonspawn Fire Elementalist)  Turns: 3050, Time: 00:09:02

Health: -2/38      AC:  8    Str:  9    XL:     5   Next: 48%
Magic:  1/9        EV: 12    Int: 17    God:
Gold:   116        SH:  0    Dex: 13    Spells: 0/10 levels left

rFire    . . .     SeeInvis .   a - +3 whip
rCold    . . .     Gourm    .   (no shield)
rNeg     . . .     Faith    .   c - +0 robe
rPois    .         Spirit   .   (no helmet)
rElec    .         Reflect  .   (no cloak)
rCorr    .         Harm     .   (no gloves)
MR       .....                  (no boots)
Stlth    ++........             (no amulet)
Regen    1.2/turn               (no ring)
MPRegen  0.2/turn               (no ring)

@: sanguine armour, very slightly contaminated
A: powered by death 1, sanguine armour 1
a: no special abilities


You were on level 3 of the Dungeon.
You were not hungry.

You visited 1 branch of the dungeon, and saw 3 of its levels.

You collected 116 gold pieces.

Inventory:

Hand Weapons
 a - a +3 whip (weapon)
 b - a +0 hunting sling
 f - a +0 blowgun
Missiles
 k - 18 poisoned needles
 l - 78 stones (quivered)
Armour
 c - a +0 robe (worn)
Scrolls
 d - 3 scrolls of remove curse
 h - a scroll of fog
Potions
 e - a potion of lignification
Books
 j - a book of Flames

   Spells                             Type                      Level
   a - Flame Tongue                   Conjuration/Fire             1
   b - Throw Flame                    Conjuration/Fire             2
   c - Conjure Flame                  Conjuration/Fire             3
   d - Inner Flame                    Hexes/Fire                   3
   e - Sticky Flame                   Conjuration/Fire             4
   f - Fireball                       Conjuration/Fire             5
Comestibles
 i - 3 meat rations


   Skills:
 + Level 2.2 Fighting
 - Level 1.7 Dodging
 - Level 1.7 Stealth
 + Level 3.1 Spellcasting
 - Level 1.4 Conjurations
 * Level 4.4 Fire Magic


You couldn't memorise any spells.
You knew the following spells:

 Your Spells              Type           Power        Failure   Level  Hunger
a - Flame Tongue          Conj/Fire      ##...        5%          1    None
b - Throw Flame           Conj/Fire      ##....       8%          2    ##.....
c - Conjure Flame         Conj/Fire      ##......     16%         3    ###....
d - Sticky Flame          Conj/Fire      ##......     45%         4    ####...


Dungeon Overview and Level Annotations

Branches:
Dungeon (3/15)

Altars:

Annotations:
D:1 1 runed door


Innate Abilities, Weirdness & Mutations

You regenerate a little health from kills.
When seriously injured, your bleeding wounds create armour. (AC +6)


Message History

Aiming: Flame Tongue
Press: ? - help, Shift-Dir - straight line, f - orc wizard
Aim: an orc wizard, wielding a dagger and wearing a robe (unusually agile)
The flame tongue misses the orc wizard.
The orc wizard mumbles some strange words.
The orc wizard flickers and vanishes!
Deactivating autopickup; reactivate with Ctrl-A.
Casting: Flame Tongue
Confirm with . or Enter, or press ? or * to list all spells.
You can't see any susceptible monsters within range! (Use Z to cast anyway.) Unknown command.
Casting: Flame Tongue
Confirm with . or Enter, or press ? or * to list all spells.
Aiming: Sticky Flame
Press: ? - help, Shift-Dir - straight line You miscast Sticky Flame.
You are very lightly contaminated with residual magic.
You are caught in a fiery explosion!
The explosion engulfs you!
Ouch! That really hurt!
You die...

#..<.......#.####....#.
#...รท.)......# #......
#....>.....### #......
#.............# #....##
#.######....#.####...<#
#. ###..#...#.....# #
####....#)......#
###.)(.##....#....##
#.#.#.#@#...####...#.###
..(...({.##.#.........#.
#.#<#.#(## .#...........
......((.# .#...........
#(#.#.#(## .#...........
....(((. ..........#..
#.#(# #(# ##.........###
.... ... #..##.....# #(#
#.# #.. #.#.### #


There were no monsters in sight!

Vanquished Creatures
  A centaur (D:3)
  An orc priest (D:3)
  An adder (D:3)
  2 oozes
  2 worms (D:3)
  4 dart slugs
  2 leopard geckos
  4 orcs (D:3)
  3 giant cockroaches
  6 hobgoblins
  3 jackals (D:3)
  6 kobolds
  A quokka (D:2)
  3 ball pythons (D:1)
  3 bats (D:1)
  A frilled lizard (D:1)
  4 goblins
  9 rats
56 creatures vanquished.

Notes
Turn   | Place    | Note
-------+----------+-------------------------------------------
     0 | D:1      | vatarom the Demonspawn Fire Elementalist began the quest for the Orb.
     0 | D:1      | Reached XP level 1. HP: 13/13 MP: 3/3
     1 | D:1      | Found a runed door.
   302 | D:1      | Gained mutation: You regenerate a little health from kills. [demonic ancestry]
   302 | D:1      | Reached XP level 2. HP: 19/19 MP: 0/5
   315 | D:1      | Reached skill level 3 in Fire Magic
   533 | D:1      | Learned a level 2 spell: Throw Flame
   971 | D:1      | Reached XP level 3. HP: 22/25 MP: 2/6
  1003 | D:1      | Learned a level 3 spell: Conjure Flame
  2481 | D:3      | Reached skill level 1 in Fighting
  2699 | D:3      | Noticed a centaur
  2712 | D:3      | Killed a centaur
  2712 | D:3      | Reached skill level 4 in Fire Magic
  2712 | D:3      | Reached XP level 4. HP: 21/33 MP: 4/8
  2712 | D:3      | Gained mutation: When seriously injured, your bleeding wounds create armour. (AC +6) [demonic ancestry]
  2712 | D:3      | Reached XP level 5. HP: 24/38 MP: 4/9
  2957 | D:3      | Learned a level 4 spell: Sticky Flame
  3050 | D:3      | Killed by miscasting Sticky Flame

Skill      XL: |  1  2  3  4  5 |
---------------+----------------+-----
Fire Magic     | 3 4 |  4.4
Fighting       | 1 2 |  2.2
Spellcasting   | 3 |  3.1
Dodging        | |  1.7
Stealth        | |  1.7
Conjurations   | |  1.4

Action                   |  1- 3 |  4- 6 || total
-------------------------+-------+-------++-------
Melee: Unarmed           |    29 |       ||    29
       Whip              |    18 |     6 ||    24
 Fire: Blowgun           |     9 |       ||     9
       Hunting sling     |       |    23 ||    23
 Cast: Flame Tongue      |    64 |    18 ||    82
       Throw Flame       |     4 |       ||     4
  Use: Scroll            |    10 |       ||    10
       Potion            |     2 |       ||     2
  Eat: Chunk             |     2 |       ||     2
       Bread ration      |     1 |       ||     1
       Royal jelly       |       |     1 ||     1
Armor: Robe              |     7 |     7 ||    14
       Skin              |     3 |     2 ||     5
Dodge: Dodged            |    47 |    16 ||    63
